 Dungeon Crawl Stone Soup version 0.19.5 (webtiles) character file.

77 McKennaii the Slasher (level 4, -4/40 HPs)
             Began as a Draconian Berserker on Apr 29, 2017.
             Was a Believer of Trog.
             Slain by a gnoll
             ... wielding a +0 halberd
              (16 damage)
             ... on level 2 of the Dungeon.
             The game lasted 00:01:46 (1074 turns).

McKennaii the Slasher (Draconian Berserker)         Turns: 1074, Time: 00:01:46

Health: -4/40      AC:  7    Str: 20    XL:     4   Next: 14%
Magic:  4/4        EV: 13    Int:  7    God:    Trog [**....]
Gold:   100        SH:  0    Dex: 11    Spells: 0 memorised, 3 levels left

rFire  . . .     SeeInvis .     a - +0 falchion
rCold  . . .     Gourm    .     (armour unavailable)
rNeg   . . .     Faith    .     (no shield)
rPois  .         Spirit   .     (helmet restricted)
rElec  .         Reflect  .     (no cloak)
rCorr  .         Harm     .     f - +0 pair of gloves
MR     .....                    p - +0 pair of boots
Stlth  +.........               (no amulet)
                                (no ring)
                                k - ring of flight

@: no status effects
A: unfitting armour, cold-blooded, AC +5
a: Berserk, Trog's Hand, Burn Spellbooks, Renounce Religion, Evoke Flight


You were on level 2 of the Dungeon.
You worshipped Trog.
Trog was pleased with you.
You were not hungry.

You visited 1 branch of the dungeon, and saw 2 of its levels.

You collected 100 gold pieces.

Inventory:

Hand Weapons
 a - a +0 falchion (weapon)
Armour
 f - a +0 pair of gloves (worn)
 p - a +0 pair of boots (worn)
Jewellery
 c - an uncursed ring of fire
 k - a ring of flight (left hand)
Scrolls
 g - a scroll of random uselessness {unknown}
 h - 2 scrolls of magic mapping {unknown}
 i - 2 scrolls of identify {unknown}
 l - a scroll of amnesia {unknown}
 m - a scroll of recharging {unknown}
 q - a scroll of remove curse
Potions
 d - a potion of magic {unknown}
 e - a potion of degeneration {unknown}
 j - a potion of curing {unknown}
Comestibles
 b - a bread ration
 n - a slice of pizza
 o - 3 chunks of flesh


   Skills:
 + Level 3.8 Fighting
 + Level 4.0 Long Blades
 + Level 3.3 Dodging
 + Level 0.4 Stealth


You had 3 spell levels left.
You didn't know any spells.

Dungeon Overview and Level Annotations

Branches:
Dungeon (2/15)

Altars:


Innate Abilities, Weirdness & Mutations

Your plain brown scales are hard. (AC +5)
You cannot fit into any form of body armour.
You are cold-blooded and may be slowed by cold attacks.


Message History

The gnoll is almost dead.
The gnoll misses you. The gnoll closely misses you.
You hit the gnoll but do no damage.
Your tail-slap misses the gnoll.
The gnoll is almost dead.
The gnoll hits you from afar with a halberd.
The gnoll hits you with a flail!
You barely miss the gnoll.
The gnoll is almost dead.
The gnoll hits you from afar with a halberd!
* * * LOW HITPOINT WARNING * * *
You hit the gnoll but do no damage.
The gnoll is almost dead.
The gnoll hits you but does no damage.
You hit the gnoll but do no damage.
The gnoll is almost dead.
The gnoll closely misses you. x2
You hit the gnoll but do no damage.
The gnoll is almost dead.
The gnoll hits you from afar with a halberd!
You die...

#.#.#####...#
#..# #.#
#.#.........#
#..# #.#
#.###############
#..# #.#
#...............#
#..# #.#
###############.#
#..# #.# #####.#
#..######..
...#.#
##..........
#######.#.#
#.รท.........
.....gg@..#
#.#.#######.
#######.###
#.#.#######. ...#
#.#.......[.
###.#
#.########## ###
#. .. ##


You could see 2 gnolls.

Vanquished Creatures
  A gnoll (D:2)
  An adder (D:2)
  2 worms (D:2)
  A dart slug (D:2)
  2 leopard geckos (D:1)
  3 giant cockroaches
  8 goblins
  5 hobgoblins
  3 quokkas (D:2)
  A ball python (D:2)
  4 bats
  3 frilled lizards
  8 kobolds
  7 rats
49 creatures vanquished.

Notes
Turn   | Place    | Note
-------+----------+-------------------------------------------
     0 | D:1      | McKennaii the Draconian Berserker began the quest for the Orb.
     0 | D:1      | Reached XP level 1. HP: 19/19 MP: 1/1
    61 | D:1      | Reached XP level 2. HP: 24/26 MP: 2/2
   426 | D:2      | Reached ** piety under Trog
   450 | D:2      | Reached XP level 3. HP: 31/31 MP: 3/3
   903 | D:2      | Reached skill level 4 in Long Blades
  1044 | D:2      | Reached XP level 4. HP: 36/40 MP: 4/4
  1074 | D:2      | Slain by a gnoll

Skill      XL: |  1  2  3 |
---------------+----------+-----
Dodging        | 3 |  3.3
Long Blades    | 4 |  4.0
Fighting       | |  3.8
Stealth        | |  0.4

Action                   |  1- 3 |  4- 6 || total
-------------------------+-------+-------++-------
Melee: Falchion          |   109 |    17 ||   126
       Tailslap          |    16 |     2 ||    18
  Use: Scroll            |     1 |       ||     1
 Stab: Sleeping          |     1 |       ||     1
  Eat: Chunk             |     1 |       ||     1
Armor: Skin              |    33 |     5 ||    38
Dodge: Dodged            |    90 |    15 ||   105
       Rpst.: Falchion   |    32 |     1 ||    33
